 Dungeon Crawl Stone Soup version 0.17.2-2-g6415ff710d (webtiles) character file.

1342 rlgrobin the Cudgeler (level 8, -1/45 HPs)
             Began as a Gargoyle Earth Elementalist on May 26, 2022.
             Killed from afar by a crimson imp (6 damage)
             ... with a wand of magic darts
             ... on level 6 of the Dungeon.
             The game lasted 00:27:55 (8376 turns).

rlgrobin the Cudgeler (Gargoyle Earth Elementalist) Turns: 8376, Time: 00:27:55

Health: -1/45      AC: 12    Str: 13    XL:     8   Next: 62%
Magic:  11/11      EV: 11    Int: 16    God:
Gold:   279        SH:  0    Dex: 11    Spells: 3 memorised, 4 levels left

rFire  . . .     SeeInvis .     a - +0 flail
rCold  . . .     Clarity  .     h - +0 leather armour
rNeg   + . .     SustAt   +     (no shield)
rPois  ∞         Gourm    .     (no helmet)
rElec  +         Spirit   .     o - +0 cloak
rCorr  .         Warding  .     (no gloves)
rMut   .         Stasis   .     q - +1 pair of boots
MR     .....                    (no amulet)
Stlth  ++........               s - ring of sustain attributes
                                (no ring)

@: very slightly contaminated, not resistant to hostile enchantments, unstealthy
A: negative energy resistance 1, electricity resistance, unbreathing,
petrification resistance, rot immunity, AC +5
a: no special abilities


You were on level 6 of the Dungeon.
You were not hungry.

You visited 1 branch of the dungeon, and saw 6 of its levels.

You collected 279 gold pieces.


Innate Abilities, Weirdness & Mutations

You are resistant to torment.
Your stone body is resilient (AC +5).
You are immune to poison.
You resist negative energy.
You are resistant to electric shocks.
You can survive without breathing.
You are immune to petrification.
You are immune to rotting.


   Skills:
 - Level 2.5 Fighting
 + Level 7.9 Maces & Flails
 - Level 4.1 Armour
 - Level 1.5 Dodging
 - Level 2.1 Stealth
 - Level 0.8 Unarmed Combat
 - Level 2.2 Spellcasting
 - Level 0.7 Transmutations
 - Level 5.8 Earth Magic


You had 4 spell levels left.
You knew the following spells:

 Your Spells              Type           Power        Failure   Level  Hunger
i - Passwall              Trmt/Erth      ##........   21%         3    ###....
u - Stone Arrow           Conj/Erth      ##....       28%         3    ###....
y - Sandblast             Erth           ###...       2%          1    #......

Inventory:

Hand Weapons
 a - a +0 flail (weapon)
 n - a +0 dagger
 v - a cursed +0 hunting sling
Missiles
 b - 6 stones (quivered)
 r - 26 poisoned needles
Armour
 f - a +0 robe {off to a good start}
 h - a +0 leather armour (worn)
 o - a +0 cloak (worn)
 q - a +1 pair of boots (worn)
 G - a +0 buckler
Jewellery
 s - a ring of sustain attributes (right hand)
Wands
 F - a wand of fire (6)
Scrolls
 e - a scroll of teleportation {unknown}
 g - a scroll of immolation {unknown}
 j - a scroll of magic mapping {unknown}
 k - a scroll of fog {unknown}
 l - a scroll of blinking
 m - a scroll of enchant weapon {unknown}
 p - a scroll of amnesia
 x - a scroll of remove curse
Potions
 t - a potion of might
 u - a potion of brilliance
 w - 5 potions of heal wounds
 z - 3 potions of curing
 A - a potion of lignification
 C - a potion of mutation
 E - a potion of degeneration {unknown}
 I - a potion of haste {unknown}
 J - a potion of flight {unknown}
Books
 c - a book of Geomancy

   Spells                             Type                      Level
   a - Sandblast                      Earth                        1
   b - Stoneskin                      Transmutation/Earth          2
   c - Passwall                       Transmutation/Earth          3
   d - Stone Arrow                    Conjuration/Earth            3
   e - Petrify                        Transmutation/Earth          4
   f - Lee's Rapid Deconstruction     Earth                        5
 y - a book of Battle

   Spells                             Type                      Level
   a - Infusion                       Charms                       1
   b - Shroud of Golubria             Charms/Translocation         2
   c - Song of Slaying                Charms                       2
   d - Spectral Weapon                Hexes/Charms                 3
   e - Regeneration                   Charms/Necromancy            3
Comestibles
 d - 3 bread rations
 D - 2 fruits
 H - a slice of pizza

Dungeon Overview and Level Annotations

Branches:
Dungeon (6/15)             Temple (0/1) D:6

Altars:
Okawaru
Qazlal
Trog
Yredelemnul
Zin

Shops:
D:5 :   D:6 !

Annotations:
D:3 Maxtimot's ghost, amateur HuMo
D:5 manifold's ghost, amateur OgTm

▒.▒▒.▒▒ ▒.▒ ▒.▒▒
... ▒.▒ ▒.▒ ▒.▒▒
... .... ▒▒ ▒.▒▒
▒.▒ ▒▒▒▒▒▒▒▒ .▒ ▒.▒
+58†...▒▒▒▒'▒▒▒▒.
▒▒▒▒▒▒#▒..∩......▒▒
▒.▒...........
▒.▒...........
▒▒▒'▒...........
▒.........≈≈≈...
▒........≈≈#≈≈..
▒....n..≈≈#≈≈≈#.
▒▒▒▒▒▒'▒≈≈≈>≈#≈.


You could see a crimson imp.


Message History

You see here a giant frog corpse!
Found Vetagig's Distillery!
There is an open door here!
The giant frog hits you! * * * don't die
* * * You take 4 damage, and have 6/45 hp!
Read which item? (? for menu, Esc to quit)
As you read the scroll labeled FUTIMAOBAI, it crumbles to dust!
You assume a fearsome visage!
The giant frog looks frightened!!!
It was a scroll of fear!
The adder barely misses you!
There is an open door here!
The adder bites you but does no damage! The adder completely misses you!
You closely miss the adder! The adder bites you! * * * don't die
* * * You take 3 damage, and have 4/45 hp!
You flatten the adder like a pancake!!!
The adder is severely wounded!
The adder barely misses you! The adder bites you but does no damage!
You barely miss the adder!
The adder is severely wounded!
The adder bites you but does no damage!
You flatten the adder but do no damage!
The adder is severely wounded!
The adder bites you but does no damage!
The crimson imp blinks!!!
You hammer the adder like a gong!!!
You annihilate the adder!!!
The crimson imp zaps a wand!
The magic dart hits you!!! rip

Action                   |  1- 3 |  4- 6 |  7- 9 || total
-------------------------+-------+-------+-------++-------
Melee: Unarmed           |    11 |       |       ||    11
       Club              |   124 |       |       ||   124
       Dagger            |    36 |    17 |       ||    53
       Flail             |       |   264 |   249 ||   513
 Cast: Sandblast         |     9 |    37 |    58 ||   104
       Stone Arrow       |       |     4 |       ||     4
  Use: Scroll            |       |     6 |     6 ||    12
 Stab: Sleeping          |     4 |     5 |     3 ||    12
  Eat: Chunk             |     3 |    13 |     7 ||    23
       Bread ration      |       |       |     1 ||     1

Vault maps used:
D:1:      eino_arrival_cavern_a, serial_bayou_pond_e
D:2:      nicolae_overflow_hidden_temple, first_bread, kennysheep_path_1
D:3:      minitemple
D:5:      serial_shops, shop
D:6:      grunt_temple_overflow_open, minmay_temple_entry_mist, serial_shops,
          shop, hex_intersection

Notes
Turn   | Place    | Note
--------------------------------------------------------------
     0 | D:1      | rlgrobin the Gargoyle Earth Elementalist began the quest for the Orb.
     0 | D:1      | Reached XP level 1. HP: 10/10 MP: 3/3
    26 | D:1      | off to a good start
   516 | D:1      | Reached skill level 1 in Fighting
   516 | D:1      | Reached XP level 2. HP: 14/16 MP: 5/5
   639 | D:1      | Reached skill level 4 in Earth Magic
  1064 | D:2      | Reached XP level 3. HP: 6/21 MP: 0/6
  1344 | D:2      | Reached skill level 2 in Fighting
  1855 | D:2      | Reached XP level 4. HP: 25/27 MP: 7/7
  1874 | D:2      | Found an iron altar of Okawaru.
  1955 | D:2      | Learned a level 3 spell: Stone Arrow
  1990 | D:2      | Reached skill level 5 in Earth Magic
  2084 | D:2      | Learned a level 3 spell: Passwall
  2202 | D:3      | Reached XP level 5. HP: 31/31 MP: 8/8
  2232 | D:3      | Noticed Maxtimot's ghost (amateur HuMo)
  2560 | D:3      | Found a glowing silver altar of Zin.
  2591 | D:3      | Found a bloodstained altar of Trog.
  3056 | D:3      | Reached skill level 1 in Maces & Flails
  3611 | D:4      | Reached skill level 2 in Maces & Flails
  3716 | D:4      | Reached XP level 6. HP: 29/36 MP: 0/9
  3822 | D:4      | Reached skill level 3 in Maces & Flails
  4407 | D:4      | Reached skill level 1 in Armour
  4635 | D:4      | Reached skill level 2 in Armour
  5211 | D:5      | Entered Level 5 of the Dungeon
  5248 | D:5      | Reached skill level 4 in Maces & Flails
  5248 | D:5      | Reached XP level 7. HP: 31/40 MP: 10/10
  5265 | D:5      | Reached skill level 3 in Armour
  5447 | D:5      | Noticed manifold's ghost (amateur OgTm)
  6412 | D:5      | Reached skill level 4 in Armour
  6527 | D:5      | Found Hidwov's Book Shoppe.
  6543 | D:5      | Reached skill level 5 in Maces & Flails
  7006 | D:5      | Reached XP level 8. HP: 39/45 MP: 11/11
  7070 | D:5      | Reached skill level 6 in Maces & Flails
  7900 | D:6      | Reached skill level 7 in Maces & Flails
  8125 | D:6      | Found a basalt altar of Yredelemnul.
  8125 | D:6      | Found a stormy altar of Qazlal.
  8303 | D:6      | Found a staircase to the Ecumenical Temple.
  8359 | D:6      | Found Vetagig's Distillery.
  8372 | D:6      | HP: 4/45 [adder (3)]
  8376 | D:6      | Killed from afar by a crimson imp

Vanquished Creatures
  A water moccasin (D:6)
  A phantom (D:5)
  2 ogres
  A centaur (D:5)
  A giant frog (D:6)
  A crimson imp (D:5)
  5 iguanas
  A giant frog zombie (D:5)
  2 hounds (D:4)
  4 orc priests
  An orc wizard (D:4)
  3 worker ants
  8 gnolls
  2 shadow imps
  12 adders
  An ooze (D:2)
  An adder skeleton (D:5)
  2 worms
  7 giant geckos
  14 orcs
  11 giant cockroaches
  12 hobgoblins
  20 jackals
  5 quokkas
  A ball python (D:2)
  6 bats
  5 giant newts
  9 goblins
  4 kobolds
  9 rats
152 creatures vanquished.
